 Dungeon Crawl Stone Soup version 0.30-a0-463-g4188047c90 (webtiles) character file.

Game seed: 15682583866083212811

275 ReteAZ the Trooper (level 6, -8/39 HPs)
             Began as a Gargoyle Fighter on Dec 17, 2022.
             Mangled by an ogre
             ... wielding a +0 giant spiked club
              (22 damage)
             ... on level 6 of the Dungeon.
             The game lasted 00:05:02 (2342 turns).

ReteAZ the Trooper (Gargoyle Fighter)               Turns: 2342, Time: 00:05:02

Health: -8/39      AC: 12    Str: 22    XL:     6   Next: 25%
Magic:  15/15      EV:  9    Int:  8    God:
Gold:   181        SH:  4    Dex:  9    Spells: 5/5 levels left

rFire   . . .      SeeInvis .    j - +1 mace (drain)
rCold   . . .      Faith    .    c - +0 buckler
rNeg    + . .      Spirit   .    b - +1 scale mail
rPois   ∞          Reflect  .    (no helmet)
rElec   +          Harm     .    (no cloak)
rCorr   .          Rampage  .    (no gloves)
Will    .....                    (no boots)
Stlth   ..........               (no amulet)
HPRegen 0.26/turn                p - ring of magical power
MPRegen 0.14/turn                (no ring)

@: no status effects
A: sickness immunity, AC +4, negative energy resistance 1, electricity
resistance, torment resistance 1, petrification resistance
a: no special abilities


You were on level 6 of the Dungeon.
You visited 1 branch of the dungeon, and saw 4 of its levels.

You collected 181 gold pieces.

Inventory:

Hand Weapons
 a - a +0 flail
 j - a +1 mace of draining (weapon)
Missiles
 r - 2 silver javelins (quivered)
Armour
 b - a +1 scale mail (worn)
 c - a +0 buckler (worn)
Magical Staves
 s - a staff of fire
Jewellery
 p - a ring of magical power (left hand)
Scrolls
 g - 2 scrolls of identify
 q - a scroll of enchant armour
Potions
 d - 2 potions of might
 e - a potion of curing
 f - a potion of haste {unknown}
 i - 2 potions of cancellation {unknown}
 l - a potion of flight {unknown}
 m - 2 potions of heal wounds {unknown}


   Skills:
 + Level 4.7 Fighting
 + Level 3.5 Maces & Flails
 + Level 4.6 Armour
 + Level 4.6 Shields


You had 5 spell levels left.
You didn't know any spells.
Your spell library contained the following spells:

 Spells                   Type           Power      Damage    Failure   Level
 Gell's Gravitas          Tloc           0%         N/A       99%         3
 Lesser Beckoning         Tloc           0%         N/A       99%         3
 Teleport Other           Tloc           0%         N/A       99%         3


Dungeon Overview and Level Annotations

Branches:
Dungeon (3/15)

Altars:
Ashenzari

Shops:
D:3 =


Innate Abilities, Weirdness & Mutations

You are immune to sickness and miasma.
Your stone body is resilient. (AC +4)
You are immune to poison.
You resist negative energy. (rN+)
You are resistant to electric shocks. (rElec)
You are resistant to unholy torment.
You are immune to petrification.


Message History

The bullfrog attacks as you move away! You block the bullfrog's attack.
Found a scale mail.
You block the bullfrog's attack.
An orc wizard comes into view. It is wielding a +0 dagger.
The orc wizard shouts!
You see here a dark potion.
The bullfrog completely misses you.
The orc wizard gestures wildly while chanting.
The orc wizard flickers and vanishes!
A puff of flame appears from out of thin air!
The puff of flame hits you.
* * * LOW HITPOINT WARNING * * *
The bullfrog attacks as you move away!
The bullfrog hits you but does no damage. x2
The bullfrog hits you but does no damage.
The bullfrog attacks as you move away! The bullfrog hits you.
* * * LOW HITPOINT WARNING * * *
The bullfrog barely misses you. The bullfrog attacks as you move away!
The bullfrog barely misses you.
The bullfrog hits you but does no damage.
The bullfrog attacks as you move away! The bullfrog hits you.
* * * LOW HITPOINT WARNING * * *
The bullfrog barely misses you.
You feel your willpower return.
Okay, then.
It was a potion of curing.
You feel better. The bullfrog closely misses you.
You block the bullfrog's attack. The bullfrog attacks as you move away!
The bullfrog hits you but does no damage.
The bullfrog closely misses you. The bullfrog attacks as you move away!
The bullfrog hits you. You block the bullfrog's attack.
An ogre comes into view. It is wielding a +0 giant spiked club.
The ogre shouts!
The ogre moves out of view.
The bullfrog barely misses you.
You completely miss the ogre. You block the bullfrog's attack.
The bullfrog hits you.
The ogre hits you with a +0 giant spiked club!!
Ouch! That really hurt!
You die...

#.#########
#.o{..o...#
#########o#
#o# #.#
####o#
#.Y..#
#F#### #@#
#O# ...
.#.#.
......#
.#.#.#.#
#........
..#.#.#.#.


You could see an ice beast, an ogre and a bullfrog.

Vanquished Creatures
  An orc priest (D:3)
  2 adders
  A worm (D:2)
  A dart slug (D:2)
  4 orcs (D:3)
  5 bats
  5 endoplasms
  3 giant cockroaches
  4 goblins
  4 hobgoblins
  6 jackals
  8 kobolds
  3 quokkas
  2 ball pythons (D:3)
  5 frilled lizards
  2 rats
56 creatures vanquished.

Vanquished Creatures (collateral kills)
  2 bullfrogs (D:6)
  An iguana (D:6)
  An orc (D:6)
4 creatures vanquished.

Grand Total: 60 creatures vanquished

Notes
Turn   | Place    | Note
-------+----------+-------------------------------------------
     0 | D:1      | ReteAZ the Gargoyle Fighter began the quest for the Orb.
     0 | D:1      | Reached XP level 1. HP: 14/14 MP: 1/1
   174 | D:1      | Reached XP level 2. HP: 18/19 MP: 2/2
   717 | D:2      | Reached XP level 3. HP: 24/24 MP: 3/3
  1672 | D:3      | Reached XP level 4. HP: 22/29 MP: 4/4
  1996 | D:3      | Found Wyalil's Jewellery Boutique.
  2098 | D:3      | Found a broken altar of Ashenzari.
  2150 | D:3      | Reached XP level 5. HP: 33/33 MP: 5/5
  2192 | D:3      | You fall into a shaft and drop 3 floors!
  2218 | D:6      | Noticed an ice beast
  2267 | D:6      | HP: 1/33 [bullfrog (2)]
  2272 | D:6      | Reached XP level 6. HP: 3/39 MP: 6/6
  2342 | D:6      | Mangled by an ogre

Illustrated notes

Levels and vault maps discovered:
D:1:      mainiacjoe_arrival_reflecting_pool, layout_loops_ring, st_stairs_3
D:2:      layout_basic, minmay_pentomino_t2
D:3:      layout_loops_ring, ashenzari_conservatory_becter, serial_shops,
          nicolae_shop_waterfront
D:6:      layout_loops_ring, serial_glass, glass_columns_b, glass_columns_a,
          gammafunk_ghost_gnarly_gnolls, nicolae_concentric_dashed_squares_mild

Skill      XL: |  1  2  3  4  5 |
---------------+----------------+-----
Fighting       | 4 |  4.7
Armour         | 4 |  4.6
Shields        | 4 |  4.6
Maces & Flails | 3 |  3.5

Action                   |  1- 3 |  4- 6 || total
-------------------------+-------+-------++-------
Melee: Flail             |    59 |       ||    59
       Mace              |    77 |    44 ||   121
  Use: Potion            |       |     2 ||     2
       Scroll            |       |     8 ||     8
Armor: Scale mail        |    80 |    39 ||   119
Dodge: Dodged            |    77 |    39 ||   116
Block: Buckler           |    27 |    21 ||    48

Table legend: (Time is in decaauts)
 A = Elapsed time spent in this place.
 B = Non-inter-level travel time spent in this place.
 C = Inter-level travel time spent in this place.
 D = Time resting spent in this place.
 E = Time spent auto-exploring this place.
 F = Levels seen in this place.
 G = Mean time per level.
                   A        B        C        D        E       F      G
               +--------+--------+--------+--------+--------+-----+--------+
         Total |   2399 |   2374 |     25 |     92 |   1679 |   4 |  599.8 |
       Dungeon |   2399 |   2374 |     25 |     92 |   1679 |   4 |  599.8 |
               +--------+--------+--------+--------+--------+-----+--------+

Top non-repeatable levels by time:
     D:2: 859 daAuts
     D:1: 728 daAuts
     D:3: 661 daAuts
     D:6: 149 daAuts
